[Event "Late-Titled-Tuesday-Blitz-May-07-2024"]
[Site "Chess.com"]
[Date "2024.05.07"]
[Round "6"]
[White "MathiasWomacka"]
[Black "GMRafpig"]
[Result "1/2-1/2"]
[WhiteElo "2549"]
[BlackElo "2729"]
[TimeControl "180+1"]
[EndTime "15:07:28 PDT"]
[Termination "Game drawn by repetition"]

1. e4 c5 2. Nf3 d6 3. d4 cxd4 4. Nxd4 Nf6 5. Nc3 a6 6. Be2 e5 7. Nb3 Be7 8. O-O O-O 9. Kh1 Re8 10. Be3 Be6 11. f4 exf4 12. Bxf4 Nc6 13. Qe1 Nd7 14. Rd1 Nde5 15. Nd5 Rc8 16. Nxe7+ Qxe7 17. c3 Rcd8 18. Qg3 f6 19. Nd4 Nxd4 20. cxd4 Ng6 21. Bh5 Bf7 22. Rfe1 Nxf4 23. Bxf7+ Qxf7 24. Qxf4 Qxa2 25. Rd2 Qe6 26.
h4 h5 27. Kh2 Rd7 28. Re3 Rde7 29. Rde2 b5 30. Qf3 Qf7 31. Qf4 b4 32. Qxd6 a5 33.
Qc5 Qg6 34. Qxa5 Qg4 35. g3 f5 36. Qxb4 f4 37. gxf4 Qxh4+ 38. Kg2 Qg4+ 39. Kf2 Qxf4+ 40. Rf3 Qh4+ 41. Kg2 Rxe4 42. Rxe4 Qxe4 43. Qd2 Qg4+ 44. Kf2 Qh4+ 45. Kg2 Re1 46. d5 Qh1+ 47. Kg3 Rg1+ 48. Kf4 Qh4+ 49. Ke3 Qg5+ 50. Kd3 Qxd5+ 51. Ke3 Qxd2+ 52.
Kxd2 g5 53. b4 Kg7 54. Rb3 h4 55. b5 Rf1 56. b6 Rf8 57. b7 Rb8 58. Ke3 Kg6 59.
Kf3 Kh5 60. Rb5 Rf8+ 61. Kg2 Rb8 62. Kf3 Rf8+ 63. Kg2 Rb8 64. Kf3 1/2-1/2

[Event "Late-Titled-Tuesday-Blitz-May-07-2024"]
[Site "Chess.com"]
[Date "2024.05.07"]
[Round "6"]
[White "manitodeplomo"]
[Black "Chessdude1987"]
[Result "1-0"]
[WhiteElo "2596"]
[BlackElo "2393"]
[TimeControl "180+1"]
[EndTime "15:07:29 PDT"]
[Termination "manitodeplomo won on time"]

1. d4 e6 2. c4 f5 3. g3 Nf6 4.
Bg2 Bb4+ 5. Bd2 Qe7 6. Nc3 O-O 7. e3 d6 8. Nge2 c5 9. O-O Kh8 10. a3 Bxc3 11. Nxc3 e5 12. b4 cxd4 13. exd4 Nc6 14.
dxe5 dxe5 15. Bg5 Qf7 16. Bxf6 Qxf6 17. Nd5 Qh6 18. Re1 e4 19. b5 Ne5 20. Qd4 Nd3 21.
Re3 Be6 22. Rxd3 exd3 23. Qxd3 Rad8 24. a4 f4 25. Qd4 f3 26. Bf1 Bxd5 27. cxd5 Qf6 28.
Rd1 Qxd4 29. Rxd4 Rd6 30. h3 g6 31. g4 Kg7 32. g5 Rf5 33. h4 Rfxd5 34. Re4 Rd7 35.
Bh3 Rf7 36. Be6 Rd1+ 37. Kh2 Re7 38. Kg3 Rd6 39. Bd5 Rxe4 40. Bxe4 Rd4 41. Bxb7 Rxa4 42. Bxf3 Rb4 43. Bc6 Kf7 44. f4 Ke6 45. Kg4 Kd6 46. Be8 Ke7 47. Bc6 Rc4 48. Bd5 Rc5 49. Bg8 Rxb5 50.
Bxh7 Kf7 51. h5 gxh5+ 52. Kxh5 Kg7 53. Bd3 Rb3 54. Be2 a5 55. f5 a4 56. f6+ Kf8 57. g6 a3 58. g7+ 1-0

[Event "Late-Titled-Tuesday-Blitz-May-07-2024"]
[Site "Chess.com"]
[Date "2024.05.07"]
[Round "6"]
[White "GothamChess"]
[Black "sergiochess83"]
[Result "0-1"]
[WhiteElo "2711"]
[BlackElo "2897"]
[TimeControl "180+1"]
[EndTime "15:07:33 PDT"]
[Termination "sergiochess83 won on time"]

1. e4 e6 2. d4 d5 3. exd5 exd5 4. h3 Bf5 5. Nf3 Bd6 6. c4 Nf6 7. Nc3 O-O 8. cxd5 Nbd7 9. Be2 Nb6 10. O-O Nbxd5 11. Ne5 c6 12. Bg5 Bxe5 13. dxe5 Nxc3 14. bxc3 Qxd1 15. Rfxd1 Ne4 16. Bd3 Rfe8 17. Bf4 Rad8 18. Bxe4 Bxe4 19. c4 c5 20. Rd6 Rxd6 21. exd6 Bc6 22.
Be3 b6 23. a4 Rd8 24. Bf4 f6 25. a5 g5 26. Bg3 b5 27. cxb5 Bxb5 28. Rc1 c4 29. a6 Kf7 30. f3 Rc8 31. Bf2 Ke6 32.
Bxa7 Bxa6 33. Bd4 Kxd6 34. Bxf6 h6 35. Bg7 Ke6 36. Bxh6 Kf5 37. h4 gxh4 38. Kh2 c3 39. Bg7 c2 40. Kh3 Kg5 41. Bd4 Be2 42. Be3+ Kh5 43.
Re1 Bd1 44. Bc1 Rc5 45. f4 Rc3+ 46. Re3 Rxe3+ 47. Bxe3 Bg4+ 48. Kh2 Bf5 49. Bc1 Kg4 50. Bd2 Be4 51. Bc1 Bf5 52. Bd2 Kh5 53. Bc1 Kg6 54. Bd2 Kf6 55. g3 h3 56. Bc1 Bg4 57. Bd2 Kf5 58.
Bc1 Ke4 59. Bb2 Kf3 60. Bc1 Ke2 61. f5 Bxf5 62. Bf4 Kd1 63. Be3 c1=Q 0-1

[Event "Late-Titled-Tuesday-Blitz-May-07-2024"]
[Site "Chess.com"]
[Date "2024.05.07"]
[Round "6"]
[White "MKlose11"]
[Black "NajdorfPlayerc5"]
[Result "1-0"]
[WhiteElo "2668"]
[BlackElo "2429"]
[TimeControl "180+1"]
[EndTime "15:07:35 PDT"]
[Termination "MKlose11 won by checkmate"]

1. e4 c5 2. Nc3 a6 3. d3 b5 4.
g3 Bb7 5. Bg2 e6 6. Nh3 Nc6 7.
O-O d6 8. f4 Nf6 9. f5 e5 10.
g4 h6 11. Nf2 Be7 12. Be3 Qd7 13. Nd5 Nxd5 14. exd5 Nd8 15. c4 b4 16. Ne4 f6 17.
h4 Nf7 18. Kf2 h5 19. Ke1 hxg4 20. Qxg4 Rg8 21. Qg6 Kf8 22. h5 Nh8 23. Qh7 Bd8 24. h6 Qf7 25. hxg7+ Rxg7 26. Qxh8+ Rg8 27. Qh6+ Ke7 28.
Bf3 Ba5 29. Qh5 Qxh5 30. Bxh5 b3+ 31. Kf2 bxa2 32. Bg6 Bb4 33. Rxa2 Rh8 34. Kg2 Rag8 35. Raa1 Bc8 36. Ng3 a5 37. Rh1 Kf8 38. Rxh8 Rxh8 39. Rh1 Rxh1 40. Kxh1 a4 41. Kg2 a3 42. bxa3 Bxa3 43.
Ne4 Ke7 44. Bh6 Bd7 45. Bg7 Be8 46. Bxf6+ Kd7 47. Bxe8+ Kxe8 48. Nxd6+ Kf8 49. Ne4 Kf7 50. Bxe5 Bb4 51. Bd6 Kg7 52. Bxc5 Bxc5 53. Nxc5 Kf6 54. Ne4+ Kxf5 55. Kf3 Ke5 56. Ke3 Kf5 57. Kd4 Kg6 58.
Kc5 Kf7 59. Kc6 Ke8 60. Kc7 Ke7 61. d6+ Ke6 62. d7 Ke5 63. d8=Q Kf4 64. d4 Ke3 65. d5 Kd3 66. d6 Ke3 67. Nc5 Kd4 68. d7 Kc3 69. Ne6 Kb4 70. Kd6 Kc3 71. c5 Kc4 72. c6 Kd3 73. Qa5 Ke4 74. Qd5+ Ke3 75. Qc4 Kf3 76. Qd4 Kg3 77. Qe4 Kf2 78. Qd3 Kg2 79. Qe3 Kf1 80. Qd2 Kg1 81. c7 Kh1 82.
c8=Q Kg1 83. Qcc1# 1-0

[Event "Late-Titled-Tuesday-Blitz-May-07-2024"]
[Site "Chess.com"]
[Date "2024.05.07"]
[Round "6"]
[White "simaopdias"]
[Black "dianamirza"]
[Result "1-0"]
[WhiteElo "2302"]
[BlackElo "1937"]
[TimeControl "180+1"]
[EndTime "15:07:39 PDT"]
[Termination "simaopdias won on time"]

1. e4 c5 2. Nf3 e6 3. d4 cxd4 4. Nxd4 a6 5. c4 Qc7 6. Bd3 Nf6 7. O-O Be7 8. Be3 O-O 9. Qe2 Nc6 10.
Nc3 Ne5 11. h3 Nxd3 12. Qxd3 Rb8 13. Rac1 b6 14. Nb3 Bb7 15. f4 Rfd8 16. e5 Ne8 17. Nd5 exd5 18. cxd5 Bc5 19. Nxc5 bxc5 20. Bxc5 Qa5 21. b4 Qb5 22. Qb3 d6 23. a4 Qd7 24.
Bb6 Rdc8 25. e6 fxe6 26. dxe6 Qe7 27. f5 Nf6 28. Bd4 Bd5 29. Qb2 Ne4 30. f6 gxf6 31. Bxf6 Nxf6 32. Rxc8+ Rxc8 33. Rxf6 Bxe6 34. Qf2 Rc1+ 35.
Kh2 Bf7 36. Qg3+ Kh8 37. Rf4 Bg6 38. h4 Qe1 39. Qxe1 Rxe1 40. Rd4 Re6 41. g4 Kg7 42. Kg3 Bc2 43. b5 axb5 44. axb5 Kf7 45. Kf4 Ke7 46.
g5 Kd7 47. b6 Kc6 48. Rc4+ Kxb6 49. Rxc2 d5 50. h5 Re4+ 51. Kf5 Rc4 52. Rxc4 dxc4 53. Ke4 Kc5 54. g6 c3 55. Kd3 Kb4 56. gxh7 Kb3 57.
h8=Q c2 58. Qb8+ Ka2 59. Kxc2 1-0

[Event "Late-Titled-Tuesday-Blitz-May-07-2024"]
[Site "Chess.com"]
[Date "2024.05.07"]
[Round "6"]
[White "TokChess"]
[Black "Andrii_Prydun"]
[Result "1-0"]
[WhiteElo "2634"]
[BlackElo "2419"]
[TimeControl "180+1"]
[EndTime "15:07:40 PDT"]
[Termination "TokChess won by resignation"]

1. b3 d5 2. Bb2 Nc6 3. e3 a6 4. Nf3 Bg4 5. Be2 Bxf3 6. Bxf3 e5 7.
d3 Nf6 8. O-O g6 9. c4 Bg7 10.
cxd5 Nxd5 11. a3 O-O 12. Qc2 Nce7 13. Nd2 Rc8 14. Rac1 h6 15. Nc4 Nc6 16. Rfd1 Re8 17. b4 Qd7 18. Qb3 Rcd8 19. b5 axb5 20. Qxb5 Nd4 21.
Qxd7 Nxf3+ 22. gxf3 Rxd7 23. Kf1 f6 24. d4 exd4 25. Bxd4 Red8 26. Bb2 Kf7 27. Rb1 b5 28. e4 bxc4 29. exd5 Rxd5 30. Rxd5 Rxd5 31. Rc1 Rc5 32. Bd4 Rc6 33. Ke2 Bf8 34. a4 Ke6 35. Bc3 Ra6 36. a5 Bd6 37. Bd2 Bxh2 38. Rxc4 h5 39. Kd3 Bd6 40. f4 Kd5 41. Rc1 f5 42. Rg1 Bc5 43.
Rg2 Be7 44. Bc3 c5 45. f3 c4+ 46. Kc2 Kc5 47. Re2 Bd8 48. Re5+ Kc6 49. Re6+ Kb5 50.
Re8 Bxa5 51. Rb8+ Kc6 52. Rc8+ Kb7 53. Rg8 Bxc3 54. Kxc3 h4 55. Rg7+ Kb8 56. Kxc4 h3 57. Rh7 Ra3 58. Kd5 Ra4 59. Ke5 Rxf4 60. Kxf4 1-0

[Event "Late-Titled-Tuesday-Blitz-May-07-2024"]
[Site "Chess.com"]
[Date "2024.05.07"]
[Round "6"]
[White "BogdanDeac"]
[Black "Airquake"]
[Result "1-0"]
[WhiteElo "3119"]
[BlackElo "2844"]
[TimeControl "180+1"]
[EndTime "15:07:42 PDT"]
[Termination "BogdanDeac won on time"]

1. d4 Nf6 2. Nf3 e6 3. c4 d5 4. Nc3 Be7 5. g3 O-O 6. Bg2 dxc4 7. Ne5 Nc6 8. Bxc6 bxc6 9. Nxc6 Qe8 10. Nxe7+ Qxe7 11. Qa4 Bb7 12. O-O c5 13. Qa3 Rfc8 14. f3 Nd5 15.
dxc5 Qxc5+ 16. Qxc5 Rxc5 17. Bd2 f5 18. Rac1 Rac8 19.
Rfd1 Kf7 20. Kf2 e5 21. Nxd5 Rxd5 22. Bc3 Ke6 23. h3 g6 24. g4 f4 25. h4 Rcd8 26. Rg1 R5d7 27. Ba5 Rc8 28. Rgd1 Rxd1 29. Rxd1 Rc5 30.
Bb4 Rd5 31. Rc1 Ba6 32. h5 gxh5 33. gxh5 Kf5 34. Rg1 Rd7 35. h6 e4 36. fxe4+ Kxe4 37. Rg5 Bb7 38. Bc3 Re7 39. a4 Bd5 40. a5 a6 41. Bf6 Re6 42. Bg7 Bc6 43. Bc3 Bb5 44. Bg7 Bc6 45. Rc5 Bb5 46. Rc8 Rc6 47. Rh8 Rc7 48. Rxh7 c3 49. bxc3 Rd7 50. Rh8 Rd2 51. h7 Rxe2+ 52. Kg1 f3 53. Re8+ Bxe8 54. h8=Q Re1+ 55.
Kf2 Re2+ 56. Kg1 Re1+ 57. Kh2 f2 58. Qxe8+ Kd3 59. Qd7+ Ke2 60. Qe6+ Kd1 61. Qd5+ Kc2 62. Qf5+ Kd1 63. Qxf2 1-0

[Event "Late-Titled-Tuesday-Blitz-May-07-2024"]
[Site "Chess.com"]
[Date "2024.05.07"]
[Round "6"]
[White "TheDevilAdvisoR"]
[Black "ansko1999"]
[Result "1-0"]
[WhiteElo "2520"]
[BlackElo "2652"]
[TimeControl "180+1"]
[EndTime "15:07:42 PDT"]
[Termination "TheDevilAdvisoR won on time"]

1. Nf3 c5 2. g3 b6 3. Bg2 Bb7 4.
O-O g6 5. d3 Bg7 6. e4 e6 7. a4 Ne7 8. c3 O-O 9. Na3 d5 10. Qe2 dxe4 11. dxe4 Nbc6 12. Bg5 h6 13. Rad1 Qc8 14. Bf4 g5 15. Bd6 a6 16. Nc4 Qd8 17.
Bxc5 bxc5 18. Rxd8 Rfxd8 19. Qe3 Rac8 20. Nb6 Rc7 21. Qxc5 Bf8 22. Qe3 Ng6 23. h3 Nce5 24. Nxe5 Nxe5 25. a5 Bc5 26. Qe2 Rd3 27. Kh2 Bxb6 28.
axb6 Rcd7 29. Qh5 Kg7 30. f4 gxf4 31. gxf4 Ng6 32. Rf2 Rd2 33. Rxd2 Rxd2 34. Kg1 Rxg2+ 35. Kf1 Bxe4 36. Qc5 Bd5 37. b7 Bxb7 38. Qd4+ Kh7 39. Qd7 Bd5 40. Qxf7+ Kh8 41. Qf6+ Kg8 42. f5 exf5 43.
Qd8+ Kg7 44. Qxd5 Rxb2 45. Qd4+ Kf7 46. Qa7+ Kf6 47. Qxa6+ Kg5 48. Qd3 Nf4 49. Qg3+ Kf6 50. Qxf4 Rc2 51. Qxh6+ Ke5 52. Qe3+ Kf6 53. Qd4+ Kg5 54.
Qd3 Ra2 55. Qg3+ Kf6 56. Qd6+ Kg5 57. c4 f4 58. Qe5+ Kh4 59. Qxf4+ Kxh3 60. Qh6+ Kg3 61. Qe3+ Kg4 62. Qb3 Rd2 63. c5 1-0

[Event "Late-Titled-Tuesday-Blitz-May-07-2024"]
[Site "Chess.com"]
[Date "2024.05.07"]
[Round "6"]
[White "profaVa"]
[Black "LUISMIGUELOV"]
[Result "1/2-1/2"]
[WhiteElo "2372"]
[BlackElo "2210"]
[TimeControl "180+1"]
[EndTime "15:07:44 PDT"]
[Termination "Game drawn by repetition"]

1. e4 c6 2. Nf3 d5 3. Nc3 Bg4 4. h3 Bh5 5. exd5 cxd5 6. Bb5+ Nc6 7. g4 Bg6 8. Ne5 Rc8 9. d4 e6 10. h4 f6 11. Nxg6 hxg6 12. Bxc6+ bxc6 13. Qd3 Ne7 14. h5 gxh5 15. gxh5 f5 16. Bg5 Qd6 17. Bxe7 Bxe7 18.
O-O-O Bf6 19. Rde1 Kd7 20. Na4 Qf4+ 21. Qe3 Qxe3+ 22.
fxe3 Be7 23. Reg1 Rcg8 24. Rg6 Rh6 25. Kd2 Bd6 26. Nc5+ Bxc5 27. dxc5 Ke7 28. Rhg1 Kf7 29. Rxh6 gxh6 30. Rxg8 Kxg8 31. b4 Kf7 32. a4 a6 33.
Kd3 e5 34. c4 dxc4+ 35. Kxc4 Ke6 36. b5 cxb5+ 37. axb5 axb5+ 38. Kxb5 f4 39. exf4 exf4 40. c6 f3 41. Kb6 f2 42. c7 f1=Q 43. c8=Q+ Kf7 44.
Qd7+ Kg8 45. Qe6+ Qf7 46. Qxh6 Qb3+ 47. Kc5 Qc3+ 48. Kd5 Qd3+ 49. Ke5 Qb5+ 50. Ke4 Qc4+ 51. Kf3 Qd3+ 52. Kg4 Qe4+ 53. Kg3 Qd3+ 54. Kf2 Qc2+ 55. Kf3 Qd3+ 56. Kg2 Qc2+ 57. Kf1 Qd3+ 58. Kf2 Qc2+ 59.
Kf3 Qd3+ 1/2-1/2

[Event "Late-Titled-Tuesday-Blitz-May-07-2024"]
[Site "Chess.com"]
[Date "2024.05.07"]
[Round "6"]
[White "Itay121"]
[Black "GoltsevDmitry2000"]
[Result "1/2-1/2"]
[WhiteElo "2556"]
[BlackElo "2742"]
[TimeControl "180+1"]
[EndTime "15:07:46 PDT"]
[Termination "Game drawn - insufficient material"]

1. Nf3 d5 2. e3 c5 3. d4 cxd4 4. exd4 Nf6 5. Bd3 Nc6 6. c3 g6 7. h3 Bg7 8. O-O O-O 9. Bf4 Ne4 10. Nbd2 f5 11. Ne5 Nxe5 12. Bxe5 Bh6 13. Nxe4 fxe4 14.
Be2 Qb6 15. Qb3 Qxb3 16. axb3 Bd7 17. f3 e3 18. f4 g5 19. fxg5 Bxg5 20. Rxf8+ Kxf8 21. Bf3 e6 22. c4 Bc6 23. Kf1 Ke7 24. Ke2 Bh6 25. Bh2 a6 26. Bg1 dxc4 27. Bxc6 bxc6 28. bxc4 Rb8 29. Ra2 Rb3 30. h4 Kf6 31. g4 Bf4 32. Kf3 e5 33. dxe5+ Bxe5 34. Rxa6 Bd4 35. Rxc6+ Ke7 36.
Rc7+ Kd6 37. Bh2+ Ke6 38. Rxh7 Rxb2 39. Bg3 e2 40. Be1 Kd6 41. g5 Kc5 42. g6 Kxc4 43.
g7 Rb8 44. h5 Kd3 45. h6 Re8 46.
Rh8 Rxh8 47. gxh8=Q Bxh8 48. h7 Bg7 49. Bg3 Bh8 50.
Be1 Bf6 51. Kg4 Kc2 52. Kf5 Bh8 53. Kg6 Kd1 54. Bh4 Kd2 55. Bg5+ Kd3 56. Bh4 Ke3 57.
Kf7 Kf3 58. Kg8 Bd4 59. Be1 Kg2 60. Bd2 Kf2 61. Ba5 Kf3 62. Bb4 Kf2 63. h8=Q Bxh8 64. Kxh8 Ke3 65. Kg7 Kd3 66. Kf6 e1=Q 67. Bxe1 1/2-1/2

[Event "Late-Titled-Tuesday-Blitz-May-07-2024"]
[Site "Chess.com"]
[Date "2024.05.07"]
[Round "6"]
[White "gxbg2000"]
[Black "WPWPWP-2015"]
[Result "1-0"]
[WhiteElo "2067"]
[BlackElo "2429"]
[TimeControl "180+1"]
[EndTime "15:07:46 PDT"]
[Termination "gxbg2000 won on time"]

1. e4 c5 2. Nf3 d6 3. Bc4 e6 4.
O-O Nf6 5. Re1 Nc6 6. c3 Be7 7. d3 O-O 8. Bg5 Bd7 9. Nbd2 Na5 10. Bb3 Nxb3 11. axb3 a5 12. Nf1 b5 13. Ng3 h6 14.
Bd2 a4 15. bxa4 bxa4 16. Qc2 Qb6 17. Reb1 Qb3 18. Qxb3 axb3 19. Be3 d5 20. Nd2 Ba4 21. c4 d4 22. Bf4 g5 23. Be5 Nd7 24. f4 f6 25. Bc7 Rfc8 26. fxg5 hxg5 27. e5 Rxc7 28. exf6 Nxf6 29. Re1 Kf7 30. Nf3 Nd7 31. Ne4 Kg6 32.
Ned2 Ra6 33. Nxb3 Rb7 34. Nbd2 g4 35. Ne5+ Nxe5 36. Rxe5 Rxb2 37. Ne4 Re2 38. Kf1 Re3 39. Kf2 Bh4+ 40. g3 Be7 41. Ra2 Kf7 42. Rh5 Rf3+ 43. Ke2 Re3+ 44. Kf2 Rxd3 45. Rh7+ Ke8 46. Rb2 Bb3 47. Rh8+ Kd7 48. Rb8 Ra3 49. Rb7+ Ke8 50. Rb8+ Kf7 51. Rb7 Rf3+ 52. Kg2 Kf8 53. Rb8+ Kg7 54.
Rb7 Kf7 55. Ng5+ Kf6 56. Nxf3 gxf3+ 57. Kf2 Bd1 58. R7b6 Be2 59. Rb7 Re3 60. h4 Re4 61. R2b6 d3 62. Rb2 Rxc4 63. Rd2 Rc2 64. Rb2 1-0

[Event "Late-Titled-Tuesday-Blitz-May-07-2024"]
[Site "Chess.com"]
[Date "2024.05.07"]
[Round "6"]
[White "grzechu96"]
[Black "vugarrasulov"]
[Result "0-1"]
[WhiteElo "2787"]
[BlackElo "2988"]
[TimeControl "180+1"]
[EndTime "15:07:47 PDT"]
[Termination "vugarrasulov won on time"]

1. e4 c5 2. Nf3 d6 3. d4 cxd4 4. Nxd4 Nf6 5. Nc3 Bd7 6. f3 e5 7. Nb3 Bc6 8. Be3 Be7 9. Qd2 O-O 10. O-O-O a5 11. a4 Na6 12. g4 Nb4 13. Kb1 Qc7 14. h4 Rfd8 15. g5 Nh5 16. Qf2 Rf8 17.
Bb6 Qb8 18. Nc1 Bd8 19. Be3 Bd7 20. Bc4 Be6 21. Nd5 Nxd5 22. Bxd5 Qc7 23. Ne2 Bxd5 24. Rxd5 f6 25. Nc3 Qc6 26. Nb5 Be7 27. Qg2 g6 28. Rhd1 fxg5 29. Bxg5 Rae8 30. Bxe7 Rxe7 31. Rxd6 Qc4 32. b3 Qf7 33. Rd8 Rxd8 34. Rxd8+ Kg7 35.
Qg4 Nf4 36. Nd6 Qe6 37. Qxe6 Nxe6 38. Ra8 Nd4 39. Rxa5 Nxf3 40. Rb5 Nxh4 41. Rxb7 Kf6 42. a5 Re6 43. Nc4 Nf3 44. b4 h5 45. b5 Nd4 46. a6 Nxb5 47. Rxb5 Rxa6 48. Nxe5 Ra4 49.
c4 Ra3 50. Kc2 Re3 51. Nd3 Rxe4 52. Kc3 h4 53. Rb6+ Kf5 54. Rb7 g5 55. Rh7 Kg6 56. Rh8 Kg7 57. Ra8 h3 58. c5 g4 59.
c6 Re6 60. Nb4 h2 61. Ra1 g3 62. c7 Re8 63. Nd5 g2 64. Ne7 g1=Q 65. Rxg1+ hxg1=Q 0-1

[Event "Late-Titled-Tuesday-Blitz-May-07-2024"]
[Site "Chess.com"]
[Date "2024.05.07"]
[Round "6"]
[White "AniJak"]
[Black "HalfIsCrayfish"]
[Result "1-0"]
[WhiteElo "2392"]
[BlackElo "2562"]
[TimeControl "180+1"]
[EndTime "15:07:47 PDT"]
[Termination "AniJak won by resignation"]

1. e4 c5 2. Nc3 Nc6 3. g3 g6 4. Bg2 Bg7 5. d3 e6 6. Be3 d6 7.
Qd2 Nd4 8. Nd1 Ne7 9. c3 Ndc6 10.
Bh6 O-O 11. h4 f6 12. Bxg7 Kxg7 13. h5 g5 14. f4 h6 15. Nf3 e5 16. Nf2 d5 17.
O-O-O Be6 18. exd5 Bxd5 19. fxg5 fxg5 20. Ne4 Bxe4 21.
dxe4 Qxd2+ 22. Rxd2 Rad8 23. Rhd1 Kf6 24. Rd6+ Rxd6 25.
Rxd6+ Kg7 26. Kd2 Ng8 27. Ke3 Nf6 28. b4 cxb4 29. cxb4 Ng4+ 30. Ke2 Rf6 31. Rd7+ Rf7 32. Rxf7+ Kxf7 33. b5 Nd4+ 34. Nxd4 exd4 35. Kd3 Nf6 36.
Bf3 g4 37. Be2 Nxh5 38. Bxg4 Nxg3 39. Kxd4 h5 40. Bh3 Kf6 41. e5+ Ke7 42. a4 h4 43.
a5 Nh5 44. b6 axb6 45. axb6 Nf4 46. Bc8 Ne6+ 47. Ke3 Nd8 48. Kf4 Nc6 49. Bxb7 Nb4 50. Bh1 Na6 51. b7 Nb8 52. Bd5 h3 53. Kg3 Kd7 54.
Kxh3 Kc7 55. Kg4 Nd7 56. Kf5 Nb6 57. Bf3 Nc4 58. e6 Kd8 59. Kf6 Kc7 60. e7 Nd6 61. Ke6 Ne8 62. Kf7 Nd6+ 63. Kf8 Kb8 64. e8=Q+ Nxe8 65. Kxe8 Kc7 66. Ke7 Kb8 67. Kd7 Ka7 68. Kc8 1-0

[Event "Late-Titled-Tuesday-Blitz-May-07-2024"]
[Site "Chess.com"]
[Date "2024.05.07"]
[Round "6"]
[White "ellatambien"]
[Black "scandalgod"]
[Result "0-1"]
[WhiteElo "2670"]
[BlackElo "2534"]
[TimeControl "180+1"]
[EndTime "15:07:49 PDT"]
[Termination "scandalgod won by resignation"]

1. Nf3 d5 2. c4 c6 3. cxd5 cxd5 4. d4 Nf6 5. Nc3 Nc6 6. Bf4 a6 7. e3 Bg4 8. Be2 e6 9. Ne5 Bxe2 10. Qxe2 Rc8 11.
O-O Bd6 12. Nxc6 Rxc6 13. Bxd6 Qxd6 14. Na4 O-O 15. Nc5 Qc7 16. b4 Rc8 17. a4 Qb6 18. Rfb1 R6c7 19. g3 h6 20. Kg2 Ne4 21. Rb2 Nd6 22.
Rab1 Nc4 23. Rb3 Qa7 24. b5 axb5 25. axb5 b6 26. Na6 Re7 27. Nb4 Qb7 28. h4 Ree8 29. Kh2 Ra8 30. h5 e5 31. dxe5 Rxe5 32. Nc6 Re6 33.
Nd4 Re5 34. Rc3 Qe7 35. Nc6 Qf6 36. Nxe5 Nxe5 37. Rbc1 Qf5 38. Kg2 Qe4+ 39. f3 Qf5 40. g4 Qe6 41. Rc6 Qe8 42. Rxb6 Nc4 43. Rxc4 dxc4 44. Rc6 Ra3 45. Qxc4 Qxe3 46. Rc8+ Kh7 47. Qc2+ Rd3 48. Qf2 Rd2 49. Qxd2 Qxd2+ 50. Kg3 Qd6+ 51. Kg2 Qd7 52. Rb8 Qc7 53. Rf8 Qc2+ 54. Kg3 Qc7+ 55. Kg2 Qe7 56. Rc8 Qe2+ 57. Kg3 Qxb5 58. Rc2 Qe5+ 59.
Kg2 Qe1 60. Rf2 g6 61. hxg6+ Kxg6 62. Ra2 f6 63. Rf2 Kg5 64. Ra2 Kh4 65. Rf2 Qe5 66. Kf1 Kg3 67. f4 Qb5+ 68. Kg1 Qb1+ 0-1

[Event "Late-Titled-Tuesday-Blitz-May-07-2024"]
[Site "Chess.com"]
[Date "2024.05.07"]
[Round "6"]
[White "ChessicallyInclined"]
[Black "As0nchess"]
[Result "0-1"]
[WhiteElo "2718"]
[BlackElo "2555"]
[TimeControl "180+1"]
[EndTime "15:07:50 PDT"]
[Termination "As0nchess won by resignation"]

1. d4 d5 2. c4 e6 3. Nc3 Bb4 4.
cxd5 exd5 5. Qc2 h6 6. Bf4 c6 7. e3 Nf6 8. Bd3 O-O 9. h3 Re8 10. Nf3 Ne4 11. O-O Bf5 12. a3 Bd6 13. Bxd6 Qxd6 14.
Ne5 Nd7 15. f3 Ng3 16. Bxf5 Nxe5 17. dxe5 Rxe5 18. e4 g6 19. Rfd1 gxf5 20. Qf2 f4 21. exd5 cxd5 22. Rd4 Nh5 23. Rad1 Nf6 24. Rxf4 a6 25.
Rfd4 Rae8 26. f4 Re3 27. Nxd5 Nxd5 28. Rxd5 Qf6 29. Kh2 Re2 30. Qg3+ Kh7 31. R1d2 R2e3 32. Qg4 R3e4 33. Qf5+ Kg7 34. Qxf6+ Kxf6 35. Rd7 R8e7 36. Rxe7 Kxe7 37. Kg3 Re3+ 38. Kf2 Rb3 39. Rc2 Kd6 40. Ke2 h5 41. Kd2 h4 42. Kc1 Re3 43. Rc8 Rg3 44.
Rh8 Rxg2 45. Rxh4 Ke6 46. Rh5 Rf2 47. Re5+ Kf6 48. Re4 Rf3 49. h4 Rh3 50. Rb4 b5 51. a4 Rxh4 52. axb5 axb5 53. Kd2 Rh5 54. Ke3 Rd5 55.
Ke4 Ke6 56. Rb3 f5+ 57. Ke3 Kd6 58. Ra3 Kc5 59. Ra6 Kc4 60. Ra3 b4 61. Ra8 Rd3+ 62. Ke2 Rd4 63. Ke3 Rd3+ 64. Ke2 Rb3 65. Rf8 Rxb2+ 66. Ke3 b3 67. Rxf5 Rh2 68. Rf8 b2 69.
Rb8 Rh3+ 70. Ke4 Rb3 71. Rc8+ Kb4 72. Rb8+ Kc3 73. Rc8+ Kd2 74. Rd8+ Ke2 0-1

[Event "Late-Titled-Tuesday-Blitz-May-07-2024"]
[Site "Chess.com"]
[Date "2024.05.07"]
[Round "6"]
[White "Pachonpower"]
[Black "dealshark"]
[Result "1-0"]
[WhiteElo "2388"]
[BlackElo "2530"]
[TimeControl "180+1"]
[EndTime "15:07:51 PDT"]
[Termination "Pachonpower won by checkmate"]

1. d4 d5 2. Nf3 e6 3. e3 c5 4. c3 Nc6 5. Nbd2 Nf6 6. Bd3 Be7 7. O-O O-O 8. Qe2 b6 9. b3 Bb7 10. Bb2 Rc8 11. Rac1 h6 12. c4 dxc4 13. Nxc4 cxd4 14. exd4 Nd5 15. Qe4 Nf6 16. Qh4 Nb4 17. Bb1 Bxf3 18. gxf3 Qd5 19. Ne5 Rxc1 20. Rxc1 Bd6 21. Kg2 Qb7 22.
a3 Nbd5 23. Be4 Rc8 24. Nc4 Bf4 25. Rg1 Bg5 26. Qg3 Qc7 27. Qxc7 Rxc7 28. Kf1 Nf4 29. a4 Kf8 30. Ba3+ Kg8 31. Bd6 Rd7 32. h4 Nh3 33. hxg5 Nxg1 34. gxf6 gxf6 35. Kxg1 f5 36. Bc6 Rd8 37. Be5 Kf8 38. Nd6 Ke7 39. Nb7 Rg8+ 40. Kf1 f6 41. Bd6+ Kf7 42. b4 h5 43. d5 h4 44. a5 h3 45. Bh2 Rg2 46. Bg3 e5 47. d6 f4 48. d7 fxg3 49. fxg3 Rd2 50. d8=Q h2 51. Qxd2 h1=Q+ 52. Ke2 Qh2+ 53. Kd3 Qxg3 54.
Bd5+ Kg6 55. Qe3 f5 56. Nd6 Qg2 57. Bf7+ Kf6 58. Bb3 Qf1+ 59. Qe2 Qb1+ 60. Qc2 Qf1+ 61. Kc3 Qxf3+ 62. Kb2 Qc6 63. Qxc6 f4 64. Qe4 f3 65.
Qf5+ Ke7 66. Qxe5+ Kd7 67. Ba4+ Kc7 68. Nb5+ Kb7 69.
Qd5+ Kc8 70. Qc6+ Kd8 71. Nd6 Ke7 72. Ne4 Kf7 73. Qf6+ Kg8 74. Bb3+ Kh7 75. Ng5# 1-0

[Event "Late-Titled-Tuesday-Blitz-May-07-2024"]
[Site "Chess.com"]
[Date "2024.05.07"]
[Round "6"]
[White "karinachess1"]
[Black "Alex_Sahakyan2006"]
[Result "0-1"]
[WhiteElo "2587"]
[BlackElo "2847"]
[TimeControl "180+1"]
[EndTime "15:07:54 PDT"]
[Termination "Alex_Sahakyan2006 won by resignation"]

1. d4 Nf6 2. c4 c5 3. d5 b5 4. cxb5 a6 5. b6 d6 6. Nc3 Nbd7 7. Nf3 g6 8. e4 Bg7 9. Be2 O-O 10. O-O a5 11.
Nd2 Nxb6 12. a4 Ba6 13. Bxa6 Rxa6 14. Qe2 Qc8 15. Nc4 Nxc4 16. Qxc4 Nd7 17. Nb5 Ne5 18. Qe2 c4 19. Be3 Nd3 20. Rab1 f5 21. Bd4 Bxd4 22.
Nxd4 f4 23. Ne6 Rf6 24. f3 Rb6 25. Qc2 Rb3 26. Kh1 Rxe6 27. dxe6 Qxe6 28. Qd2 Qe5 29. Rg1 Qd4 30. Rgf1 c3 31. Qc2 Rxb2 32. Rxb2 cxb2 33. g3 Qe3 34. Kg2 h5 35. Rd1 Ne1+ 36. Rxe1 Qxe1 37. Qxb2 fxg3 38. hxg3 Qb4 39. Qc2 Kf7 40. Qc6 Qd2+ 41. Kh3 Qd1 42. Qc4+ Kf8 43. Kg2 Qd2+ 44.
Kh3 Qe1 45. Kg2 Qd2+ 46. Kh3 Qb4 47. Qc8+ Kf7 48. Qc6 Qb3 49. Kg2 Qa2+ 50. Kh3 Qe6+ 51.
Kg2 Qe5 52. Qc4+ Kg7 53. Qc7 Kh6 54. Qd8 Kh7 55. Qc7 Qb2+ 56. Kh3 Qe5 57. Kg2 Kg7 58. Qd8 Kf7 59. Qc7 Qb2+ 60. Kh3 Qb4 61. Qc6 Qd4 62. Qb5 Qg1 63. Qd5+ Kg7 64. g4 Qh1+ 65. Kg3 h4+ 66. Kf4 Qh2+ 67. Kg5 h3 68. Qd4+ Qe5+ 69. Qxe5+ dxe5 0-1

[Event "Late-Titled-Tuesday-Blitz-May-07-2024"]
[Site "Chess.com"]
[Date "2024.05.07"]
[Round "6"]
[White "zverr1"]
[Black "Oleg_Papayan"]
[Result "1/2-1/2"]
[WhiteElo "2510"]
[BlackElo "2639"]
[TimeControl "180+1"]
[EndTime "15:07:54 PDT"]
[Termination "Game drawn by repetition"]

1. e4 d5 2. exd5 Qxd5 3. Nc3 Qd8 4. d4 c6 5. Nf3 Bf5 6. Bd3 Bxd3 7. Qxd3 e6 8. O-O Nf6 9. Bg5 Be7 10. Rfe1 O-O 11. Ne5 Nbd7 12. Rad1 Nd5 13. Bxe7 Qxe7 14. Nxd7 Qxd7 15.
Ne4 Rfd8 16. c4 Nf4 17. Qe3 Ng6 18. g3 Ne7 19. Nc5 Qc7 20. Qe5 Rac8 21. b3 b6 22. Ne4 Ng6 23. Qh5 h6 24. h4 Qe7 25.
Qg4 Kh7 26. h5 Nf8 27. Qf4 Qc7 28. Qf3 Qe7 29. Kg2 Nd7 30. d5 cxd5 31. cxd5 Ne5 32. Qf4 exd5 33. Ng5+ Qxg5 34. Qxg5 hxg5 35. Rxe5 d4 36.
Rxg5 Rc2 37. a4 Rb2 38. Rb5 d3 39. a5 Rd6 40. axb6 axb6 41. Kf3 Rf6+ 42. Ke3 Rbxf2 43. Rxd3 R2f3+ 44. Ke4 Rxd3 45. Kxd3 Rf3+ 46. Kc4 Rxg3 47. Rxb6 Rg4+ 48. Kc3 Rg5 49. b4 Rxh5 50. Ra6 g6 51. Ra5 Rh1 52. Ra2 Rc1+ 53. Rc2 Rb1 54. Rb2 Rc1+ 55.
Rc2 Rd1 56. b5 Rd8 57. b6 Rb8 58. Rb2 g5 59. Kd4 Kg6 60. Ke5 f6+ 61. Ke4 Re8+ 62. Kd5 f5 63. b7 Rb8 64. Rb3 g4 65. Ke5 Re8+ 66. Kd6 Rb8 67. Ke5 Re8+ 68. Kd6 Rb8 69. Ke5 1/2-1/2